 Dungeon Crawl Stone Soup version 0.30-a0-1164-ge08a67761e (webtiles) character file.

Game seed: 10038082200033513773

20279 cheesebisquit the Earth Mage (level 12, -21/75 HPs)
             Began as a Gargoyle Earth Elementalist on Apr 29, 2023.
             Was an Elder of Vehumet.
             Demolished by Rupert
             ... wielding a +0 heavy great mace
              (55 damage)
             ... on level 12 of the Dungeon.
             The game lasted 00:44:31 (14424 turns).

cheesebisquit the Earth Mage (GrEE)                Turns: 14424, Time: 00:44:32

Health: -21/75     AC: 23    Str: 13    XL:     12   Next: 77%
Magic:  23/23      EV: 13    Int: 32    God:    Vehumet [****..]
Gold:   2096       SH:  0    Dex: 10    Spells: 16/26 levels left

rFire   . . .        w - staff of earth "Pepn" {Fly rN++ Int+3 Stlth-}
rCold   . . .        (no shield)
rNeg    + + +        L - +1 leather armour "Kikosomo" {Int+3}
rPois   ∞            n - +1 helmet
rElec   +            i - +1 cloak
rCorr   .            U - +0 pair of gloves
SInv    .            s - +1 pair of boots {rampage}
Will    .....        B - amulet of regeneration
Stlth   +            z - +4 ring of protection
HPRegen 1.12/turn    V - +6 ring of intelligence
MPRegen 0.18/turn

%: rampage
@: flying
A: sickness immunity, AC +8, negative energy resistance 1, electricity
resistance, torment resistance 1, petrification resistance
a: Renounce Religion


You were on level 12 of the Dungeon.
You worshipped Vehumet.
Vehumet was greatly pleased with you.
You visited 2 branches of the dungeon, and saw 13 of its levels.
You also visited: Bailey.

You collected 2206 gold pieces.
You spent 110 gold pieces at shops.

Inventory:

Hand Weapons
 a - the +10 dagger of Subterfuge {spect, Int+4}
   (You found it on level 7 of the Dungeon)

   Int:       It affects your intelligence (+4).
 g - a +2 vampiric falchion
 K - a +0 flail of protection
Missiles
 k - 53 poisoned darts
 r - 21 curare-tipped darts
 u - 20 boomerangs
 S - 2 boomerangs of dispersal
 W - 8 datura-tipped darts
Armour
 i - a +1 cloak (worn)
 n - a +1 helmet (worn)
 s - a +1 pair of boots of rampaging (worn)
 C - the +0 robe of Fimyscha {rElec rN+ Dex-2 SInv}
   (You found it on level 7 of the Dungeon)

   Dex:       It affects your dexterity (-2).
   rElec:     It insulates you from electricity.
   rN:        It protects you from negative energy.
   SInv:      It lets you see invisible.
 J - a +0 kite shield
 L - the +1 leather armour "Kikosomo" (worn) {Int+3}
   (You took it off a kobold on level 8 of the Dungeon)

   Int:       It affects your intelligence (+3).
 U - a +0 pair of gloves (worn)
Magical Staves
 w - the staff of earth "Pepn" (weapon) {Fly rN++ Int+3 Stlth-}
   (You acquired it on level 6 of the Dungeon)

   [staff of earth]

   Base accuracy: +5 Base damage: 5 Base attack delay: 1.2 This weapon's minimum
   attack delay (0.6) is reached at skill level 12.
   Int:       It affects your intelligence (+3).
   rN:        It greatly protects you from negative energy.
   Fly:       It grants you flight.
   Stlth:     It makes you less stealthy.
   It falls into the 'Staves' category.
   It is a one-handed weapon.
Jewellery
 z - a +4 ring of protection (left hand)
 B - an amulet of regeneration (around neck)
 F - an amulet of faith
 I - a ring of ice
 N - a ring of magical power
 V - a +6 ring of intelligence (right hand)
 X - a ring of protection from fire
Wands
 E - a wand of charming (17)
 H - a wand of roots (12)
 O - a wand of flame (55)
Scrolls
 c - a scroll of immolation
 f - a scroll of magic mapping
 m - 3 scrolls of amnesia
 o - a scroll of enchant weapon
 p - a scroll of noise
 x - a scroll of vulnerability
 y - a scroll of poison
 A - a scroll of fear {unknown}
 M - a scroll of fog {unknown}
 P - a scroll of torment {unknown}
 Q - 4 scrolls of teleportation
Potions
 b - a potion of magic
 d - 3 potions of curing
 e - a potion of invisibility
 h - 3 potions of attraction
 j - a potion of heal wounds
 l - 4 potions of brilliance
 q - 3 potions of resistance
 v - 3 potions of cancellation
 D - 2 potions of might
 G - a potion of mutation
 R - 2 potions of haste
 T - a potion of flight


   Skills:
 + Level 8.8 Fighting
 + Level 4.5 Staves
 + Level 7.0 Dodging
 - Level 2.1 Stealth
 + Level 7.8 Spellcasting
 - Level 0.7 Transmutations
 + Level 16.7 Earth Magic
 + Level 4.2 Evocations


You had 16 spell levels left.
You knew the following spells:

 Your Spells              Type           Power      Damage    Failure   Level
a - Sandblast             Erth           100%       2d20      0%          1
b - Passwall              Tmut/Erth      66%        N/A       1%          2
c - Petrify               Tmut/Erth      80%        N/A       1%          4
z - Stone Arrow           Conj/Erth      100%       3d13      1%          3

Your spell library contained the following spells:

 Spells                   Type           Power      Damage    Failure   Level
 Sticky Flame             Conj/Fire      12%        2d4       13%         4
 Lee's Rapid Deconstruct  Erth           54%        3d25*     1%          5
 Slow                     Hex            48%        N/A       4%          1
 Sting                    Tmut/Pois      56%        1d5       4%          1
 Frozen Ramparts          Ice            24%        1d4       4%          3
 Volatile Blastmotes      Fire/Tloc      24%        2d12      4%          3
 Fulminant Prism          Conj/Hex       6%         3d6       13%         4
 Iskenderun's Mystic Bla  Conj/Tloc      12%        2d5       13%         4
 Confusing Touch          Hex            12%        N/A       14%         3
 Vampiric Draining        Necr           12%        2d6       14%         3
 Yara's Violent Unravell  Hex/Tmut       7%         3d5       28%         5
 Ice Form                 Ice/Tmut       14%        N/A       38%         4
 Summon Ice Beast         Ice/Summ       12%        N/A       43%         4
 Statue Form              Tmut/Erth      Unusable   N/A       N/A         6

Dungeon Overview and Level Annotations

Branches:
Dungeon (12/15)            Temple (1/1) D:4            Lair (0/5) D:11
 Bailey (visited)
    Orc: D:9-12

Altars:
Ashenzari
Cheibriados
Dithmenos
Elyvilon
Fedhas
Gozag
Hepliaklqana
Kikubaaqudgha
Makhleb
Nemelex Xobeh
Okawaru
Qazlal
Ru
Sif Muna
Trog
Uskayaw
Vehumet
Wu Jian
Xom
Yredelemnul
Zin
The Shining One

Shops:
D:3 ?

Annotations:
D:12 Rupert


Innate Abilities, Weirdness & Mutations

You are immune to sickness and miasma.
Your stone body is resilient. (AC +8)
You are immune to poison.
You resist negative energy. (rN+)
You are resistant to electric shocks. (rElec)
You are resistant to unholy torment.
You are immune to petrification.


Message History

Rupert shouts!
Something hits you but does no damage.
You feel a surge of power!
The stone arrow misses the centaur.
The stone arrow hits the centaur!
The centaur is severely wounded.
Something hits you but does no damage. The centaur hits you.
The centaur kicks you but does no damage.
You feel a surge of power!
The stone arrow hits the centaur!!
The centaur is almost dead.
Something hits you. Something hits you! The centaur misses you.
The centaur closely misses you.
You feel a surge of power!
The stone arrow hits the centaur!!
You kill the centaur!
Vehumet accepts your kill. Something hits you but does no damage.
The centaur shoots an arrow.
The arrow hits you!
The centaur shoots an arrow.
The arrow barely misses you.
You feel a surge of power!
The stone arrow hits the centaur!
You kill the centaur!
Vehumet accepts your kill.
You feel your power returning. Something hits you but does no damage.
You feel a surge of power!
The stone arrow hits Rupert!
Rupert is lightly wounded.
Something barely misses you.
You feel a surge of power!
The stone arrow hits Rupert!!
Rupert is moderately wounded.
Something hits you. Something hits you but does no damage.
Rupert roars madly and goes into a rage!
Rupert goes berserk!
You feel a surge of power!
The stone arrow hits Rupert!!
Rupert is heavily wounded.
Something barely misses you.
Rupert hits you with a +0 heavy great mace!!
You feel a surge of power!
The stone arrow misses Rupert.
The stone arrow misses the centaur.
Something hits you but does no damage. x2
Rupert hits you with a +0 heavy great mace.
You are too injured to fight recklessly!
Magic courses through your body.
Something hits you but does no damage. x2
Rupert hits you with a +0 heavy great mace!!!
Ouch! That really hurt!
You die...

##### # ###...### .
.......# ##.######...#.#
..#......#.##.##########
##.###...............$..
...........#####@#.####
##.........# #@#
##.###.#.#.# #c#
##.###.#.#.### #.#
##............ ...
####.#...#...# .## #
#.#...#.#.# .
####.#...#.# #.
............


You could see Rupert (berserk) and a centaur.

Vanquished Creatures
  A centaur warrior (D:8)
  A boulder beetle (D:8)
  6 two-headed ogres
  A cyclops (D:8)
  Joseph (D:8)
  An elephant (D:11)
  A gargoyle (D:11)
  Maggie (D:9)
  2 kobold demonologists
  A troll (D:11)
  Sigmund (D:5)
  2 shadows
  A vampire (D:10)
  Eustachio (D:5)
  A wyvern (D:9)
  35 yaks
  A steam dragon (D:8)
  A basilisk (D:11)
  Duvessa (D:5)
  4 water moccasins
  14 orc warriors
  3 black bears
  2 ice beasts
  3 sky beasts
  2 ogres (D:6)
  9 centaurs
  10 kobold brigands
  6 bullfrogs
  5 gnoll sergeants
  3 scorpions
  Dowan (D:5)
  2 wights (D:8)
  6 killer bees
  4 howler monkeys
  A crimson imp (D:8)
  5 hounds
  11 orc priests
  4 jellies
  4 gnoll boudas
  5 iguanas
  2 sleepcaps (D:5)
  12 orc wizards
  17 gnolls
  11 adders
  2 river rats (D:6)
  3 shadow imps
  2 white imps
  2 worms
  A dart slug (D:1)
  43 orcs
  7 ball pythons
  6 bats
  3 endoplasms
  3 giant cockroaches
  13 goblins
  17 hobgoblins
  5 jackals
  6 quokkas
  2 frilled lizards
  29 kobolds
  9 rats
359 creatures vanquished.

Vanquished Creatures (others)
  11 fungi (D:7)
  40 plants
  4 toadstools (D:7)
55 creatures vanquished.

Grand Total: 414 creatures vanquished

Notes
Turn   | Place    | Note
-------+----------+-------------------------------------------
     0 | D:1      | cheesebisquit the Gargoyle Earth Elementalist began the
                  | quest for the Orb.
     0 | D:1      | Reached XP level 1. HP: 10/10 MP: 3/3
   244 | D:1      | Reached skill level 4 in Earth Magic
   403 | D:1      | Reached XP level 2. HP: 15/15 MP: 1/5
  1421 | D:2      | Reached XP level 3. HP: 19/19 MP: 1/6
  1475 | D:2      | Reached skill level 5 in Earth Magic
  1602 | D:2      | Found a faded altar of an unknown god.
  1759 | D:2      | Reached XP level 4. HP: 24/24 MP: 4/7
  1873 | D:2      | Found a shimmering altar of Xom.
  1938 | D:2      | Reached skill level 6 in Earth Magic
  2417 | D:3      | Found Jelihoyk's Magic Scroll Shop.
  2437 | D:3      | Bought 3 scrolls of identify for 66 gold pieces
  2437 | D:3      | Bought a scroll of identify for 22 gold pieces
  2437 | D:3      | Bought a scroll of identify for 22 gold pieces
  2643 | D:3      | Found a white marble altar of Elyvilon.
  2704 | D:3      | Noticed a scorpion
  2821 | D:3      | Killed a scorpion
  2822 | D:3      | Reached skill level 7 in Earth Magic
  2822 | D:3      | Reached XP level 5. HP: 28/28 MP: 4/8
  3542 | D:4      | Found a bloodstained altar of Trog.
  3648 | D:4      | Reached XP level 6. HP: 30/32 MP: 5/9
  3649 | D:4      | Reached skill level 8 in Earth Magic
  3801 | D:4      | Found a staircase to the Ecumenical Temple.
  3811 | Temple   | Entered the Ecumenical Temple
  4508 | D:4      | Found an iron altar of Okawaru.
  4645 | D:5      | Entered Level 5 of the Dungeon
  4692 | D:5      | Noticed a water moccasin
  4695 | D:5      | Killed a water moccasin
  4696 | D:5      | Reached skill level 9 in Earth Magic
  4696 | D:5      | Reached XP level 7. HP: 36/36 MP: 7/10
  4732 | D:5      | Reached skill level 10 in Earth Magic
  4815 | D:5      | Noticed Dowan
  4816 | D:5      | Noticed Duvessa
  4827 | D:5      | Killed Duvessa
  4828 | D:5      | Killed Dowan
  4921 | D:5      | Reached skill level 11 in Earth Magic
  4950 | D:5      | Reached XP level 8. HP: 24/41 MP: 8/11
  5059 | D:5      | Noticed Eustachio
  5065 | D:5      | Killed Eustachio
  5093 | D:5      | Found a radiant altar of Vehumet.
  5097 | D:5      | Became a worshipper of Vehumet
  5228 | D:5      | Reached skill level 12 in Earth Magic
  5352 | D:5      | Noticed Sigmund
  5362 | D:5      | Killed Sigmund
  5600 | D:5      | Reached skill level 13 in Earth Magic
  5641 | D:5      | Found a shimmering blue altar of Sif Muna.
  5796 | D:5      | Found a sacrificial altar of Ru.
  5960 | D:6      | Noticed a +0 short sword
  5960 | D:6      | Noticed a +0 spear
  5961 | D:6      | Noticed a +0 falchion
  5963 | D:6      | Reached XP level 9. HP: 45/45 MP: 9/12
  6052 | D:6      | Noticed a +0 dagger
  6052 | D:6      | Noticed a +0 dagger
  6054 | D:6      | Noticed a +0 spear
  6055 | D:6      | Noticed a +0 short sword
  6056 | D:6      | Noticed a +0 falchion
  6064 | D:6      | Found a hide-covered altar of Uskayaw.
  6132 | D:6      | Reached skill level 14 in Earth Magic
  6147 | D:6      | Learned a level 3 spell: Stone Arrow
  6262 | D:6      | Reached skill level 1 in Fighting
  6263 | D:6      | Reached * piety under Vehumet
  6263 | D:6      | Offered knowledge of Shock by Vehumet.
  6379 | D:6      | Identified 3 scrolls of acquirement
  6380 | D:6      | Acquired the staff of earth "Pepn" {Fly rN++ Int+3 Stlth-}
  6383 | D:6      | Acquired 592 gold pieces
  6385 | D:6      | Acquired 367 gold pieces
  6680 | D:6      | Found a stormy altar of Qazlal.
  6721 | D:6      | Offered knowledge of Scorch by Vehumet.
  6726 | D:6      | Reached ** piety under Vehumet
  7487 | D:7      | Identified the +0 robe of Fimyscha {rElec rN+ Dex-2 SInv}
  7562 | D:7      | Reached XP level 10. HP: 56/56 MP: 12/15
  7660 | D:7      | Identified the +10 dagger of Subterfuge {spect, Int+4}
  8027 | D:7      | Found a blossoming altar of Fedhas.
  8454 | D:8      | Reached skill level 15 in Earth Magic
  8509 | D:8      | Offered knowledge of Poisonous Vapours by Vehumet.
  8510 | D:8      | Reached skill level 5 in Fighting
  8650 | D:8      | Identified the +1 leather armour "Kikosomo" {Int+3}
  8707 | D:8      | Reached *** piety under Vehumet
  8985 | D:8      | Reached skill level 5 in Spellcasting
  9080 | D:8      | Noticed a centaur warrior
  9080 | D:8      | Noticed a cyclops
  9080 | D:8      | Noticed a kobold demonologist
  9088 | D:8      | Killed a centaur warrior
  9093 | D:8      | Killed a cyclops
  9094 | D:8      | Reached skill level 5 in Dodging
  9094 | D:8      | Reached XP level 11. HP: 59/64 MP: 12/19
  9186 | D:8      | Noticed a boulder beetle
  9212 | D:8      | Killed a boulder beetle
  9311 | D:8      | Noticed Joseph
  9316 | D:8      | Killed Joseph
  9503 | D:8      | Noticed a two-headed ogre
  9536 | D:8      | Killed a two-headed ogre
  9715 | D:8      | Offered knowledge of Hailstorm by Vehumet.
 10248 | D:9      | Reached skill level 1 in Evocations
 10430 | D:9      | Reached skill level 1 in Staves
 10636 | D:9      | Reached skill level 16 in Earth Magic
 10823 | D:9      | You are sucked into a shaft and drop 2 floors!
 10943 | D:10     | Entered Level 10 of the Dungeon
 10956 | D:9      | Reached **** piety under Vehumet
 10956 | D:9      | Noticed Maggie
 10964 | D:9      | Killed Maggie
 11176 | D:9      | Found a broken altar of Ashenzari.
 11471 | D:10     | Noticed a two-headed ogre
 11477 | D:10     | Killed a two-headed ogre
 11546 | D:10     | Found a flagged portal.
 11557 | Bailey   | Entered a bailey
 11641 | Bailey   | Offered knowledge of Sticky Flame by Vehumet.
 11715 | Bailey   | Reached XP level 12. HP: 73/73 MP: 9/22
 12110 | Bailey   | Found a burning altar of Makhleb.
 12121 | Bailey   | Got Byttuetz's Grimoire of Transformation
 12763 | D:10     | Noticed a two-headed ogre
 12769 | D:10     | Killed a two-headed ogre
 13030 | D:10     | Noticed a two-headed ogre
 13034 | D:10     | Killed a two-headed ogre
 13134 | D:11     | Learned a level 2 spell: Passwall
 13139 | D:11     | Learned a level 4 spell: Petrify
 13227 | D:11     | Found a staircase to the Lair.
 13458 | D:11     | Found a sacrificial altar of Ru.
 13463 | D:11     | Noticed a two-headed ogre
 13468 | D:11     | Killed a two-headed ogre
 13665 | D:11     | Noticed a two-headed ogre
 13669 | D:11     | Killed a two-headed ogre
 14108 | D:12     | Noticed Rupert
 14424 | D:12     | Demolished by Rupert

Illustrated notes

Levels and vault maps discovered:
D:1:      minmay_arrival_widening_spiral_wide, layout_basic, nrook_mini_vaults,
          minivault_11
D:2:      cheibrodos_greedy_goblins, layout_basic, basic_altar,
          nicolae_ecumenical_snake_handling
D:3:      layout_loops_ring, nicolae_elyvilon_temple_path, serial_shops,
          nicolae_shop_crystal
D:4:      layout_loops_cross, mainiacjoe_overflow_alcove_1,
          general_overflow_altar, minmay_temple_entry_large_hall, serial_forest,
          infiniplex_forest_straight_1, infiniplex_forest_zigzag_2,
          infiniplex_forest_lined_3, infiniplex_forest_clump_small,
          infiniplex_forest_lined_3, infiniplex_forest_end_2,
          infiniplex_forest_clump_small, infiniplex_forest_clump_tiny,
          infiniplex_forest_straight_4, infiniplex_forest_side_room,
          minmay_fractal_squares_5
D:5:      layout_loops_ring, mainiacjoe_overflow_big_doors,
          nicolae_overflow_hidden_temple, uniq_duvessa, uniq_eustachio,
          uniq_sigmund
D:6:      kennysheep_housing_project, layout_loops_cross,
          nicolae_qazlal_general_emergency, nicolae_uskayaw_en_pointe,
          portal_sewer_entry_e
D:7:      layout_cave_pools, marbit_many_paths, minmay_gold_behind_fungi
D:8:      nzn_winding_woodlands_three_and_one
          [nzn_winding_woodlands_5x15_parted,
          nzn_winding_woodlands_5x15_default,
          nzn_winding_woodlands_5x15_lazy_stream,
          nzn_winding_woodlands_center_lodge], layout_loops_corners,
          grunt_ministairs_12, hellmonk_bongcloud_opening,
          minmay_fire_ice_demons, uniq_joseph
D:9:      layout_cave_pools, ashenzari_altar_1, st_stairs_12, uniq_maggie
D:10:     layout_gridville, enter_bailey_6
D:11:     layout_basic, david_lair_generic, nicolae_ru_awakened_eye
D:12:     minmay_polygon_palace, layout_loops_ring, orc_0_dummy, drop_trap,
          uniq_maurice, uniq_nessos, uniq_rupert
Temple:   hc_temple_tempest_star

Skill      XL: |  1  2  3  4  5  6  7  8  9 10 11 12 |
---------------+-------------------------------------+-----
Earth Magic    | 4 5 7 9 11 13 14 15 16 | 16.7
Fighting       | 3 6 7 8 |  8.8
Dodging        | 3 5 6 7 |  7.0
Spellcasting   | 3 5 7 |  7.8
Evocations     | 2 4 |  4.2
Staves         | 2 4 |  4.5
Stealth        | |  2.1
Transmutations | |  0.7

Action                     |  1- 3 |  4- 6 |  7- 9 | 10-12 || total
---------------------------+-------+-------+-------+-------++-------
  Melee: Mace              |     3 |       |       |       ||     3
         Staff             |       |       |     8 |   119 ||   127
         Punch             |       |       |       |     3 ||     3
   Cast: Sandblast         |    41 |    77 |   177 |   156 ||   451
         Stone Arrow       |       |       |       |   213 ||   213
    Use: Scroll            |       |    11 |     6 |    13 ||    30
         Potion            |       |     2 |     4 |     6 ||    12
 Armour: Robe              |    11 |    11 |    56 |    21 ||    99
         Leather armour    |       |       |       |   152 ||   152
  Dodge: Dodged            |    19 |    17 |    65 |   173 ||   274

Table legend: (Time is in decaauts)
 A = Elapsed time spent in this place.
 B = Non-inter-level travel time spent in this place.
 C = Inter-level travel time spent in this place.
 D = Time resting spent in this place.
 E = Time spent auto-exploring this place.
 F = Levels seen in this place.
 G = Mean time per level.
                   A        B        C        D        E       F      G
               +--------+--------+--------+--------+--------+-----+--------+
         Total |  14669 |  13836 |    833 |    361 |  11335 |  14 | 1047.8 |
       Dungeon |  13844 |  13024 |    820 |    327 |  10691 |  12 | 1153.7 |
        Temple |    201 |    188 |     13 |      0 |    179 |   1 |  201.0 |
        Bailey |    622 |    622 |      0 |     34 |    465 |   1 |  622.0 |
               +--------+--------+--------+--------+--------+-----+--------+

Top non-repeatable levels by time:
     D:8: 2247 daAuts
     D:6: 1623 daAuts
     D:1: 1305 daAuts
     D:5: 1251 daAuts
    D:11: 1214 daAuts
     D:2: 1138 daAuts
    D:10: 1062 daAuts
     D:4: 1058 daAuts
     D:3: 1022 daAuts
     D:9: 1002 daAuts
     D:7: 759 daAuts
  Bailey: 622 daAuts
  Temple: 201 daAuts
    D:12: 158 daAuts
